AoeStats
← RIO1000

Arabia

505579421Analyzed
1v1 RM · 24d ago on Sep 10, 2026· 72m 45s· 2 players
Game mode
Random Map
Map size
Tiny (2 player)
Population
200
Speed
Normal
Resources
Standard
Victory
Conquest
Starting age
Dark Age
Ending age
Imperial Age
RankedLock teamsTeams togetherTeam positionsShared explorationLock speedFull tech treeHidden civsTurbo modeCheats
Victory
Defeat
🇦🇷 Bohemians · Argentina
994
+13
🇲🇽 Britons · Mexico
938
-13
RIO1000
7:41 Loom
9:30 Feudal Age
10:26 Double-Bit Axe
10:30 Horse Collar
19:34 Castle Age
17:54 Gold Mining
19:25 Fletching
19:48 Crossbowman
20:48 Bow Saw
21:08 Bow Saw
21:28 Bodkin Arrow
22:06 Ballistics
22:12 Padded Archer Armor
22:41 Heavy Plow
26:21 Wheelbarrow
26:31 Stone Mining
34:52 Imperial Age
33:29 Leather Archer Armor
35:16 Yeomen
35:11 Arbalester
37:50 Chemistry
37:25 Bracer
38:47 Gold Shaft Mining
41:36 Two-Man Saw
42:41 Light Cavalry
43:22 Husbandry
43:02 Elite Skirmisher
44:51 Scale Barding Armor
44:57 Forging
45:25 Conscription
53:49 Town Watch
54:19 Hand Cart
56:26 Cavalier
61:35 Chain Barding Armor
ezeq1802
4:53 Loom
9:50 Feudal Age
10:21 Double-Bit Axe
13:08 Wheelbarrow
13:05 Horse Collar
21:50 Castle Age
20:30 Fletching
22:11 Elite Skirmisher
24:14 Bow Saw
26:53 Bodkin Arrow
28:50 Forging
30:22 Town Watch
31:47 Heavy Plow
32:23 Padded Archer Armor
38:16 Imperial Age
35:28 Pikeman
39:13 Scale Mail Armor
39:19 Scale Barding Armor
39:38 Conscription
39:30 Bracer
40:55 Chemistry
40:03 Scale Barding Armor
40:24 Hand Cart
42:03 Leather Archer Armor
43:07 Iron Casting
42:02 Cavalier
44:04 Town Patrol
46:26 Two-Man Saw
47:24 Blast Furnace
50:11 Chain Mail Armor
54:56 Crossbowman
62:14 Light Cavalry
73:09 Husbandry
Connection lost

Rejoining the realm…

Still unreachable

The connection could not be restored.

Session expired

The server has moved on; the page needs a fresh start.